 Dungeon Crawl Stone Soup version 0.29-a0-866-g0545e20025 (webtiles) character file.

Game seed: 11681854458961806050

5 Ajdolov the Shield-Bearer (level 1, 0/11 HPs)
             Began as a Vine Stalker Fighter on July 17, 2022.
             Slain by a kobold
             ... wielding a +0 mace
              (1 damage)
             ... on level 1 of the Dungeon.
             The game lasted 00:00:17 (67 turns).

Ajdolov the Shield-Bearer (Vine Stalker Fighter)      Turns: 67, Time: 00:00:17

Health: 0/11       AC:  6    Str: 18    XL:     1   Next: 80%
Magic:  0/2        EV:  9    Int:  8    God:
Gold:   0          SH:  4    Dex: 13    Spells: 0/0 levels left

rFire   . . .      SeeInvis .   a - +0 long sword
rCold   . . .      Faith    .   c - +0 buckler
rNeg    . . .      Spirit   +   b - +0 scale mail
rPois   .          Reflect  .   (no helmet)
rElec   .          Harm     .   (no cloak)
rCorr   .          Rampage  .   (no gloves)
Will    .....                   (no boots)
Stlth   ..........              (no amulet)
HPRegen 0.03/turn               (no ring)
MPRegen 0.08/turn               (no ring)

@: no status effects
A: fangs 2, magic shield, antimagic bite, no potion heal 2
a: no special abilities


You were on level 1 of the Dungeon.
You visited 1 branch of the dungeon, and saw 1 of its levels.

Inventory:

Hand Weapons
 a - a +0 long sword (weapon)
Armour
 b - a +0 scale mail (worn)
 c - a +0 buckler (worn)
Potions
 d - a potion of might


   Skills:
 - Level 2.6 Fighting
 * Level 2.1 Long Blades
 - Level 2.4 Armour
 + Level 2.8 Shields


You couldn't memorise any spells.
You didn't know any spells.
Your spell library was empty.

Dungeon Overview and Level Annotations

Branches:
Dungeon (1/15)

Altars:


Innate Abilities, Weirdness & Mutations

You have extremely sharp teeth.
When hurt, damage is shared between your health and your magic reserves.
Your bite disrupts and absorbs the magic of your enemies.
Potions cannot restore your health.


Message History

As you open the door, it creaks loudly!
There is an open door here.
You open the door.
A goblin comes into view.
The goblin shouts!
You hear a shout!
The goblin moves out of view.
A goblin comes into view.
The goblin shouts!
The goblin throws a stone.
The stone hits you but does no damage.
There is an open door here.
You slash the goblin!
You kill the goblin!
The goblin hits you but does no damage.
Your Long Blades skill increases to level 2!
You barely miss the goblin. Your bite misses the goblin. The goblin misses you.
You closely miss the goblin. The goblin hits you but does no damage.
You slash the goblin!
You kill the goblin!
No target in view!
Things that are here:
3 stones; a goblin corpse
There is an open door here.
There is an open door here.
You open the door.
There is an open door here.
You open the door.
A kobold comes into view. It is wielding a +0 mace.
The kobold shouts!
There is an open door here.
The kobold closely misses you.
You barely miss the kobold. The kobold hits you but does no damage.
You closely miss the kobold. Your bite misses the kobold.
The kobold hits you with a +0 mace.
You barely miss the kobold. The kobold hits you with a +0 mace. x2
You are too injured to fight recklessly!
You are too injured to fight recklessly!
You closely miss the kobold. The kobold hits you with a +0 mace.
* * * LOW HITPOINT WARNING * * *
You barely miss the kobold. The kobold hits you with a +0 mace.
You die...

####+####
###§≈§≈≈≈≈###
#≈≈≈.§...§≈≈#
#...K@......#
######'######
###8#8'8### #####
##.........###..≈##
##...........##..≈≈#
#............'#(..≈#
.(.....<.....8'(..≈+
#.(..........##..§≈#
##...........##..§§#


You could see a kobold.

Vanquished Creatures
  2 goblins (D:1)
  2 hobgoblins (D:1)
4 creatures vanquished.

Notes
Turn   | Place    | Note
-------+----------+-------------------------------------------
     0 | D:1      | Ajdolov the Vine Stalker Fighter began the quest for the
                  | Orb.
     0 | D:1      | Reached XP level 1. HP: 11/11 MP: 2/2
    67 | D:1      | Slain by a kobold

Illustrated notes

Levels and vault maps discovered:
D:1:      dpeg_arrival_morbid_curiosity, layout_basic,
          hellmonk_ecumenical_altar_watching_god, serial_corexii_hall,
          chequers_hall_statues_wall_a, corexii_hall_statues_l,
          chequers_mini_garden

Skill      XL: |  1 |
---------------+----+-----
Long Blades    | 2 |  2.1
Fighting       | |  2.6
Armour         | |  2.4
Shields        | |  2.8

Action                   || total
-------------------------++-------
Melee: Long sword        ||    11
       Bite              ||     1
Armor: Scale mail        ||     4
Dodge: Dodged            ||     3
Block: Buckler           ||     2

Table legend: (Time is in decaauts)
 A = Elapsed time spent in this place.
 B = Non-inter-level travel time spent in this place.
 C = Inter-level travel time spent in this place.
 D = Time resting spent in this place.
 E = Time spent auto-exploring this place.
 F = Levels seen in this place.
 G = Mean time per level.
                   A        B        C        D        E       F      G
               +--------+--------+--------+--------+--------+-----+--------+
         Total |     70 |     70 |      0 |      0 |     47 |   1 |   70.0 |
       Dungeon |     70 |     70 |      0 |      0 |     47 |   1 |   70.0 |
               +--------+--------+--------+--------+--------+-----+--------+

Top non-repeatable levels by time:
     D:1: 70 daAuts
